 Dungeon Crawl Stone Soup version 0.32-a0-132-g2d33c3cfaf (webtiles) character file.

Game seed: 7984056119080036062

57 Dittersdorf the Shield-Bearer (level 4, 0/29 HPs)
             Began as a Gargoyle Fighter on Feb 9, 2024.
             Slain by Terence
             ... wielding a +0 hand axe
              (6 damage)
             ... on level 2 of the Dungeon.
             The game lasted 00:01:16 (1360 turns).

Dittersdorf the Shield-Bearer (Gargoyle Fighter)    Turns: 1360, Time: 00:01:17

Health: 0/29       AC:  0    Str: 21    XL:     4   Next: 0%
Magic:  4/4        EV: 13    Int:  9    God:
Gold:   63         SH:  0    Dex:  9    Spells: 3/3 levels left

rFire   . . .        a - melded +0 flail
rCold   . . .        c - melded +0 buckler
rNeg    + . .        b - melded +0 scale mail
rPois   ∞            (helmet currently unavailable)
rElec   .            g - melded +0 cloak
rCorr   .            (gloves currently unavailable)
SInv    .            (boots currently unavailable)
Will    .....        (no amulet)
Stlth   +            k - melded ring of see invisible
HPRegen 0.24/turn    (ring currently unavailable)
MPRegen 0.09/turn

%: no passive effects
@: pig-form (expiring), very quick
A: fast, no casting, sickness immunity, AC +3, small, negative energy resistance
1, (electricity resistance), torment resistance 1, petrification resistance
a: no special abilities


You were on level 2 of the Dungeon.
You were a filthy swine.
You visited 1 branch of the dungeon, and saw 2 of its levels.

You collected 63 gold pieces.

Inventory:

Hand Weapons
 a - a +0 flail (melded)
Armour
 b - a +0 scale mail (melded)
 c - a +0 buckler (melded)
 g - a +0 cloak (melded)
Jewellery
 k - a ring of see invisible (melded)
Scrolls
 e - a scroll of teleportation {unknown}
 f - 2 scrolls of identify {unknown}
Potions
 d - a potion of might
 h - a potion of curing {unknown}
 i - 2 potions of haste {unknown}
 j - a potion of heal wounds {unknown}


   Skills:
 + Level 3.8 Fighting
 + Level 2.6 Maces & Flails
 + Level 3.8 Armour
 + Level 3.8 Shields


You had 3 spell levels left.
You didn't know any spells.
Your spell library contained the following spells:

 Spells                   Type           Power      Damage    Failure   Level
 Call Imp                 Summ           0%         N/A       52%         2
 Summon Hydra             Summ           0%         N/A       100%        7
 Sublimation of Blood     Necr           Unusable   N/A       N/A         2

Dungeon Overview and Level Annotations

Branches:
Dungeon (2/15)

Altars:
Qazlal

Annotations:
D:2 Terence


Innate Abilities, Weirdness & Mutations

You are a filthy swine.
You move quickly.
Your equipment is almost entirely melded.
You are incapable of wielding weapons or throwing items.
You cannot cast spells.
You are immune to sickness and miasma.
((Your stone body is resilient. (AC +3)))
You are immune to poison.
You resist negative energy. (rN+)
((You are resistant to electric shocks. (rElec)))
You are resistant to unholy torment.
You are immune to petrification.


Message History

Your +0 buckler melds into your body.
Your +0 scale mail melds into your body.
Your ring of see invisible melds into your body.
You closely miss Terence.
Terence is almost dead.
Terence hits you with a +0 hand axe!
You barely miss Terence.
Terence is almost dead.
Terence says, "Did you write a will?
You should..."
Terence hits you with a +0 hand axe.
You closely miss Terence.
Terence is almost dead.
Terence barely misses you.
You hit Terence but do no damage.
Terence is almost dead.
Terence closely misses you.
You barely miss Terence.
Terence is almost dead.
Terence barely misses you.
You closely miss Terence.
Terence is almost dead.
Terence hits you with a +0 hand axe.
You hit Terence but do no damage.
Terence is almost dead.
Terence hits you with a +0 hand axe.
* * * LOW HITPOINT WARNING * * *
You hit Terence but do no damage.
Terence is almost dead.
Your transformation is almost over.
You hit Terence.
Terence is almost dead.
Terence closely misses you.
You hit Terence but do no damage.
Terence is almost dead.
Terence completely misses you.
You closely miss Terence.
Terence is almost dead.
Terence hits you with a +0 hand axe.
You die...
Terence says, "Time to find some more victims."

.#.....# #.#.#
.###.##################.#.#
.....................##.#.#
####.###############.##.#.#
...#.# ########## #.##.#.#
##.#.# #.@......# #.##.#.#
#.#.# #.######.# #.##.#.#
#.#.# #@# #.##.#.# #...#
#h# #.##.#.# #####
#.###.##.#.# #......#...#
#####.####.# ### ###


You could see Terence.

Vanquished Creatures
  An adder (D:2)
  A ribbon worm (D:2)
  4 ball pythons
  5 bats
  2 endoplasms (D:2)
  3 giant cockroaches
  5 goblins
  3 hobgoblins
  5 jackals
  A quokka (D:1)
  3 frilled lizards (D:1)
  6 kobolds
  3 rats
42 creatures vanquished.

Notes
Turn   | Place    | Note
-------+----------+-------------------------------------------
     0 | D:1      | Dittersdorf the Gargoyle Fighter began the quest for the
                  | Orb.
     0 | D:1      | Reached XP level 1. HP: 14/14 MP: 1/1
    76 | D:1      | Reached XP level 2. HP: 19/19 MP: 2/2
   444 | D:1      | Reached XP level 3. HP: 17/23 MP: 3/3
  1006 | D:2      | Found a stormy altar of Qazlal.
  1185 | D:2      | Reached XP level 4. HP: 21/29 MP: 4/4
  1268 | D:2      | Noticed Terence
  1360 | D:2      | Slain by Terence

Illustrated notes

Levels and vault maps discovered:
D:1:      minmay_arrival_five_plusses, layout_basic, interstate_on_off,
          minmay_tromino_i4
D:2:      layout_basic, basic_altar, uniq_terence

Action                     |  1- 3 |  4- 6 || total
---------------------------+-------+-------++-------
  Melee: Flail             |   148 |     7 ||   155
         Unarmed           |       |    11 ||    11
 Armour: Scale mail        |   141 |     4 ||   145
         Skin              |       |     5 ||     5
  Dodge: Dodged            |    74 |     7 ||    81
  Block: Buckler           |    36 |     2 ||    38

Table legend: (Time is in decaauts)
 A = Elapsed time spent in this place.
 B = Non-inter-level travel time spent in this place.
 C = Inter-level travel time spent in this place.
 D = Time resting spent in this place.
 E = Time spent auto-exploring this place.
 F = Levels seen in this place.
 G = Mean time per level.
                   A        B        C        D        E       F      G
               +--------+--------+--------+--------+--------+-----+--------+
         Total |   1392 |   1375 |     17 |      0 |    988 |   2 |  696.0 |
       Dungeon |   1392 |   1375 |     17 |      0 |    988 |   2 |  696.0 |
               +--------+--------+--------+--------+--------+-----+--------+

Top non-repeatable levels by time:
     D:1: 855 daAuts
     D:2: 537 daAuts
